 Dungeon Crawl Stone Soup version 0.29.1-15-g9cfb28693d (webtiles) character file.

Game seed: 11868334581160393456

81 devnull the Poker (level 4, -2/33 HPs)
             Began as a Merfolk Gladiator on Mar 26, 2023.
             Slain by Crazy Yiuf
             ... wielding a +2 quarterstaff of chaos
              (8 damage)
             ... on level 2 of the Dungeon.
             The game lasted 00:04:20 (1905 turns).

devnull the Poker (Merfolk Gladiator)               Turns: 1905, Time: 00:04:20

Health: -2/33      AC:  4    Str: 16    XL:     4   Next: 42%
Magic:  4/4        EV: 13    Int:  7    God:
Gold:   48         SH:  0    Dex: 15    Spells: 3/3 levels left

rFire   . . .      SeeInvis .   a - +0 trident
rCold   . . .      Faith    .   (no shield)
rNeg    . . .      Spirit   .   b - +0 leather armour
rPois   .          Reflect  .   c - +0 helmet
rElec   .          Harm     .   (no cloak)
rCorr   .          Rampage  .   (no gloves)
Will    .....                   (no boots)
Stlth   +.........              (no amulet)
HPRegen 0.11/turn               (no ring)
MPRegen 0.09/turn               (no ring)

@: lethally poisoned (-2 -> -8)
A: (nimble swimmer 2), mertail
a: no special abilities


You were on level 2 of the Dungeon.
You visited 1 branch of the dungeon, and saw 2 of its levels.

You collected 70 gold pieces.
You spent 22 gold pieces at shops.

Inventory:

Hand Weapons
 a - a +0 trident (weapon)
Missiles
 d - 2 throwing nets (quivered)
 e - 6 javelins
 h - 3 poisoned darts
Armour
 b - a +0 leather armour (worn)
 c - a +0 helmet (worn)
Scrolls
 g - 2 scrolls of vulnerability
 j - 3 scrolls of immolation
 r - a scroll of butterflies {unknown}
Potions
 f - a potion of curing
 i - a potion of lignification {unknown}
 k - 2 potions of heal wounds {unknown}
 l - 2 potions of might {unknown}
 m - 3 potions of haste
 n - a potion of ambrosia {unknown}
 o - a potion of mutation {unknown}
 p - a potion of attraction {unknown}
 q - 2 potions of brilliance {unknown}


   Skills:
 - Level 2.1 Fighting
 + Level 6.7 Polearms
 - Level 2.0 Throwing
 - Level 4.0 Dodging


You had 3 spell levels left.
You didn't know any spells.
Your spell library was empty.

Dungeon Overview and Level Annotations

Branches:
Dungeon (2/15)

Altars:
Yredelemnul

Shops:
D:1 ?

Annotations:
D:2 Crazy Yiuf


Innate Abilities, Weirdness & Mutations

((You are very nimble when in or above water. (Stealth+, EV+, Speed+++)))
Your lower body shifts to a powerful aquatic tail in water.


Message History

As you open the door, it creaks loudly!
Crazy Yiuf grits, "Aardvark high action!"
Throw: 3 throwing nets
Press: ? - help, Shift-Dir - straight line, f - Crazy Yiuf
Aim: Crazy Yiuf, wielding a +2 quarterstaff of chaos and wearing a +0 cloak (64% to hit)
You throw a throwing net. The throwing net hits Crazy Yiuf.
Crazy Yiuf is caught in the net!
Crazy Yiuf cries, "You leg down broken song, no?"
Crazy Yiuf struggles against the net.
You hit Crazy Yiuf.
Crazy Yiuf is moderately wounded.
Crazy Yiuf struggles against the net.
You catch the helpless Crazy Yiuf completely off-guard!
You hit Crazy Yiuf but do no damage.
Crazy Yiuf is moderately wounded.
Crazy Yiuf struggles against the net.
You hit Crazy Yiuf.
Crazy Yiuf is heavily wounded.
You hit Crazy Yiuf.
Crazy Yiuf is heavily wounded.
Crazy Yiuf struggles against the net.
You catch the helpless Crazy Yiuf completely off-guard!
You hit Crazy Yiuf.
Crazy Yiuf is severely wounded.
Crazy Yiuf struggles against the net.
The net rips apart, and Crazy Yiuf comes free!
You hit Crazy Yiuf but do no damage.
Crazy Yiuf is severely wounded.
Crazy Yiuf hits you with a +2 quarterstaff of chaos!
You are poisoned.
You hit Crazy Yiuf but do no damage.
Crazy Yiuf is severely wounded.
You feel sick. Crazy Yiuf hits you but does no damage.
You hit Crazy Yiuf.
Crazy Yiuf is severely wounded.
You feel sick.
Crazy Yiuf hits you with a +2 quarterstaff of chaos!
* * * LOW HITPOINT WARNING * * *
Crazy Yiuf freezes you!
You die...

.#####.# #...............#
.# #.# #.#############.#
.# #.# #.# #.# ## #.# ###
#.# # #.# #.#
######.###♣♣♣♣♣ #.#
...<........♣.♣♣♣ ### #.#
#####.....)P.♣.)♣#.))# #.#
#.......♣♣♣♣@g)..# #.#
##......♣♣ ♣♣#..)# #.#
##...###♣♣ ### #.#
###.#...# #.# ........#
#.#
###.#...################.#
##..........##.........#
##.###.....##...#######
#.###.....###.##


You could see Crazy Yiuf.

Vanquished Creatures
  Robin (D:2)
  An adder (D:2)
  A worm (D:2)
  6 ball pythons
  8 endoplasms
  A giant cockroach (D:1)
  14 goblins
  3 hobgoblins
  4 jackals (D:1)
  4 kobolds
  2 quokkas
  A bat (D:2)
  A frilled lizard (D:2)
  4 rats
  A butterfly (D:1)
52 creatures vanquished.

Notes
Turn   | Place    | Note
-------+----------+-------------------------------------------
     0 | D:1      | devnull the Merfolk Gladiator began the quest for the Orb.
     0 | D:1      | Reached XP level 1. HP: 16/16 MP: 1/1
    31 | D:1      | Reached XP level 2. HP: 21/22 MP: 2/2
    98 | D:1      | Reached skill level 5 in Polearms
   525 | D:1      | Found Muvvam's Magic Scroll Shoppe.
   562 | D:1      | Bought a scroll of identify for 22 gold pieces
   641 | D:1      | Reached XP level 3. HP: 27/27 MP: 3/3
   887 | D:2      | Found a basalt altar of Yredelemnul.
  1112 | D:2      | Reached skill level 6 in Polearms
  1327 | D:2      | Reached XP level 4. HP: 33/33 MP: 4/4
  1362 | D:2      | Noticed Robin
  1414 | D:2      | Killed Robin
  1892 | D:2      | Found a runed translucent door.
  1893 | D:2      | Noticed Crazy Yiuf
  1905 | D:2      | Slain by Crazy Yiuf

Illustrated notes

Levels and vault maps discovered:
D:1:      spicycebolla_arrival_clurvy, layout_rooms, serial_curves,
          eino_curves_02, eino_curves_02, serial_shops, shop, feat_on_display
D:2:      layout_loops_ring, basic_altar, serial_bayou_ford_a, uniq_robin,
          uniq_crazy_yiuf_cottage

Skill      XL: |  1  2  3 |
---------------+----------+-----
Polearms       | 5 6 |  6.7
Fighting       | |  2.1
Throwing       | |  2.0
Dodging        | |  4.0

Action                   |  1- 3 |  4- 6 || total
-------------------------+-------+-------++-------
Melee: Trident           |   123 |    48 ||   171
       Punch             |     1 |     1 ||     2
Throw: Throwing net      |       |     2 ||     2
  Use: Scroll            |     3 |     1 ||     4
 Stab: Sleeping          |     3 |       ||     3
       Held in net/web   |       |     3 ||     3
Armor: Leather armour    |    19 |    15 ||    34
Dodge: Dodged            |    54 |    25 ||    79
